AoeStats
← Gjallarhorn

Golden Pit

503337787Analyzed
1v1 RM · 1mo ago on Aug 31, 2026· 17m 40s· 2 players
Game mode
Random Map
Map size
Tiny (2 player)
Population
200
Speed
Normal
Resources
Standard
Victory
Conquest
Starting age
Dark Age
Ending age
Imperial Age
RankedLock teamsTeams togetherTeam positionsShared explorationLock speedFull tech treeHidden civsTurbo modeCheats
Victory
Defeat
🇩🇪 Vikings · Germany
683
+15
🇧🇷 Persians · Brazil
653
-15
kim j0ng un
5:07 Loom
12:57 Feudal Age
13:25 Double-Bit Axe
13:32 Gold Mining
15:50 Stone Mining
16:55 Fletching
Gjallarhorn
7:31 Loom
10:15 Feudal Age
11:06 Double-Bit Axe
11:33 Horse Collar
13:50 Fletching
Connection lost

Rejoining the realm…

Still unreachable

The connection could not be restored.

Session expired

The server has moved on; the page needs a fresh start.